 Dungeon Crawl Stone Soup version 0.30.1-3-gfc49f6343a (webtiles) character file.

Game seed: 10950220922593819175

33502 TheDoctor the Scholar (level 13, -3/63 HPs)
             Began as a Spriggan Venom Mage on July 24, 2023.
             Was an Elder of Sif Muna.
             Slain by a skyshark (13 damage)
             ... on level 5 of the Lair of Beasts.
             The game lasted 01:07:02 (21705 turns).

TheDoctor the Scholar (Spriggan Venom Mage)        Turns: 21705, Time: 01:07:02

Health: -3/63      AC:  4    Str:  4    XL:     13   Next: 37%
Magic:  14/22      EV: 29    Int: 20    God:    Sif Muna [****..]
Gold:   979        SH:  5    Dex: 29    Spells: 2/23 levels left

rFire   . . .        I - +2 arbalest (flame)
rCold   . . .        (shield currently unavailable)
rNeg    . . .        Q - +1 robe {Archmagi}
rPois   .            Y - +1 hat {Will+}
rElec   .            (no cloak)
rCorr   .            (gloves unavailable)
SInv    +            (boots unavailable)
Will    +++..        a - amulet of reflection
Stlth   +++          C - +6 ring of dexterity
HPRegen 0.30/turn    t - +6 ring of dexterity
MPRegen 0.18/turn

%: reflection, archmagi
@: on blink cooldown, very quick
A: very small, no large weapons, unfitting armour, see invisible, speed 3
a: Renounce Religion, Channel Magic, Forget Spell, Divine Exegesis


You were on level 5 of the Lair of Beasts.
You worshipped Sif Muna.
Sif Muna was greatly pleased with you.
You visited 3 branches of the dungeon, and saw 17 of its levels.
You also visited: Bailey and Gauntlet.

You collected 979 gold pieces.

Inventory:

Hand Weapons
 I - a +2 arbalest of flaming (weapon)
 U - the +3 short sword of Meddi {spect, rElec rC+++ Str-4 Dex+3}
   (You found it in a Gauntlet)

   Str:       It affects your strength (-4).
   Dex:       It affects your dexterity (+3).
   rC:        It renders you almost immune to cold.
   rElec:     It insulates you from electricity.
Missiles
 v - 33 boomerangs
 F - 4 throwing nets
Armour
 Q - a +1 robe of the Archmagi (worn)
 T - a +1 hat of stealth
 V - the +0 buckler "Xoesm" {rCorr Dex+3}
   (You found it in a Gauntlet)

   Dex:       It affects your dexterity (+3).
   rCorr:     It protects you from acid and corrosion.
 Y - a +1 hat of willpower (worn)
Jewellery
 a - an amulet of reflection (around neck)
 g - a ring of positive energy
 o - a ring of resist corrosion
 s - a ring of protection from fire
 t - a +6 ring of dexterity (right hand)
 C - a +6 ring of dexterity (left hand)
 W - a ring of protection from fire
Wands
 h - a wand of charming (8)
 r - a wand of quicksilver (14)
 D - a wand of roots (15)
 E - a wand of polymorph (13)
 H - a wand of digging (8)
 S - a wand of flame (13)
Scrolls
 c - 8 scrolls of immolation
 d - 3 scrolls of fog
 f - 5 scrolls of blinking
 i - 2 scrolls of vulnerability
 m - 3 scrolls of summoning
 q - 11 scrolls of teleportation
 x - 4 scrolls of fear
 y - a scroll of magic mapping
 B - a scroll of amnesia {unknown}
 M - a scroll of identify
 N - 2 scrolls of noise {unknown}
Potions
 b - 4 potions of magic
 e - a potion of ambrosia {unknown}
 j - 3 potions of curing
 k - 3 potions of brilliance
 n - 5 potions of haste
 u - 5 potions of invisibility {unknown}
 w - 3 potions of mutation {unknown}
 z - 3 potions of heal wounds
 A - a potion of resistance {unknown}
 G - 3 potions of flight {unknown}
 J - 2 potions of attraction
 L - a potion of cancellation {unknown}
 R - 2 potions of lignification {unknown}
Miscellaneous
 l - a condenser vane
 p - a piece from Xom's chessboard (15/15)
 K - a phantom mirror
 O - a lightning rod (4/4)
 P - a phial of floods


   Skills:
 - Level 5.2 Fighting
 - Level 8.1 Ranged Weapons
 - Level 10.0 Dodging
 - Level 3.0 Stealth
 - Level 5.5 Spellcasting
 + Level 8.0 Conjurations
 + Level 5.2 Transmutations
 + Level 5.6 Earth Magic
 - Level 10.0 Poison Magic
 - Level 10.8 Invocations


You had 2 spell levels left.
You knew the following spells:

 Your Spells              Type           Power      Damage    Failure   Level
a - Sting                 Tmut/Pois      100%       1d8       1%          1
b - Poisonous Vapours     Pois/Air       76%        N/A       2%          2
c - Mephitic Cloud        Conj/Pois/Air  44%        N/A       2%          3
d - Blink                 Tloc           16%        N/A       17%         2
e - Olgreb's Toxic Radia  Pois           62%        N/A       1%          4
f - Petrify               Tmut/Erth      40%        N/A       12%         4
g - Lee's Rapid Deconstr  Erth           21%        3d12*     30%         5

Your spell library contained the following spells:

 Spells                   Type           Power      Damage    Failure   Level
 Magic Dart               Conj           100%       1d8       1%          1
 Passwall                 Tmut/Erth      33%        N/A       1%          2
 Kiss of Death            Conj/Necr      100%       2d13      2%          1
 Shock                    Conj/Air       100%       1d9       2%          1
 Momentum Strike          Conj/Tloc      64%        3d9       3%          2
 Apportation              Tloc           16%        N/A       11%         1
 Summon Small Mammal      Summ           32%        N/A       11%         1
 Call Imp                 Summ           16%        N/A       17%         2
 Ensorcelled Hibernation  Hex/Ice        16%        N/A       17%         2
 Lesser Beckoning         Tloc           16%        N/A       17%         2
 Dazzling Flash           Conj/Hex       64%        N/A       6%          3
 Alistair's Intoxication  Tmut/Pois      34%        N/A       13%         5
 Irradiate                Conj/Tmut      24%        3d19      21%         5
 Iskenderun's Mystic Bla  Conj/Tloc      32%        2d8       22%         4
 Call Canine Familiar     Summ           8%         N/A       32%         3
 Confusing Touch          Hex            8%         N/A       32%         3
 Gell's Gravitas          Tloc           8%         N/A       32%         3
 Summon Guardian Golem    Hex/Summ       8%         N/A       32%         3
 Swiftness                Air            8%         N/A       32%         3
 Teleport Other           Tloc           8%         N/A       32%         3
 Volatile Blastmotes      Fire/Tloc      16%        2d11      32%         3
 Eringya's Noxious Bog    Tmut/Pois      26%        N/A       58%         6
 Borgnjor's Vile Clutch   Necr/Erth      12%        N/A       67%         5
 Freezing Cloud           Conj/Ice/Air   12%        6-21      71%         5
 Dispel Undead            Necr           8%         3d8       73%         4
 Manifold Assault         Tloc           8%         N/A       73%         4
 Summon Ice Beast         Ice/Summ       8%         N/A       73%         4
 Summon Mana Viper        Hex/Summ       8%         N/A       97%         5
 Dispersal                Tloc           4%         N/A       100%        6
 Monstrous Menagerie      Summ           4%         N/A       100%        7
 Disjunction              Tloc           4%         N/A       100%        8
 Necromutation            Tmut/Necr      12%        N/A       100%        8
 Death's Door             Necr           4%         N/A       100%        9


Dungeon Overview and Level Annotations

Branches:
Dungeon (11/15)            Temple (1/1) D:4            Lair (5/5) D:9
  Swamp (0/4) Lair:3       Spider (0/4) Lair:2          Orc (0/2) D:9
 Bailey (visited)         Gauntlet (visited)
  Slime: Lair:4-5

Altars:
Ashenzari
Cheibriados
Dithmenos
Elyvilon
Fedhas
Gozag
Hepliaklqana
Kikubaaqudgha
Makhleb
Nemelex Xobeh
Okawaru
Qazlal
Ru
Sif Muna
Trog
Uskayaw
Vehumet
Wu Jian
Xom
Yredelemnul
Zin

Shops:
D:1 !   D:10 !

Annotations:
D:4 Grinder
D:9 ZoeForever1's ghost, novice MiFi


Innate Abilities, Weirdness & Mutations

You are very small and have problems with some larger weapons.
You are too small for most types of armour.
You have supernaturally acute eyesight. (SInv)
You cover ground extremely quickly. (Speed+++)


Message History

The stinking cloud engulfs the skyshark but does no damage.
The skyshark is heavily wounded.
You hear a croak. x2; You hear an angry hiss.
The skyshark is engulfed in noxious fumes. x2
The skyshark bites you!!
* * * LOW HITPOINT WARNING * * *
The skyshark enters a blood-rage!
The skyshark closely misses you. The skyshark tail-slaps you!
* * * LOW HITPOINT WARNING * * *
Unknown command.
Unknown command.
Casting: Mephitic Cloud (dangerous; 2% risk of failure)
Confirm with . or Enter, or press ? or * to list all spells.
Okay, then.
Unknown command.
Unknown command.
Unknown command.
Okay, then.
You feel much better.
The skyshark is engulfed in noxious fumes.
The skyshark completely misses you.
The skyshark tail-slaps you but does no damage.
You block the skyshark's attack.
Okay, then.
Unknown command.
Okay, then.
Unknown command.
Unknown command.
Unknown command.
Press: ? - help, v - describe, . - travel
Here: a skyshark (noxious fumes, heavily wounded, berserk, very poisoned)
The floor.
Unknown command.
The skyshark is engulfed in noxious fumes.
The skyshark attacks as you move away! The skyshark bites you.
The skyshark completely misses you. The skyshark tail-slaps you.
The skyshark attacks as you move away! The skyshark bites you!
* * * LOW HITPOINT WARNING * * *
The skyshark tail-slaps you!
You die...

## ....# .##. #...##
#.... ....# .. #....
#...### ...
##....#...#.# ....
......##..#.####...#
.#.....#...##.#...#
#......@l<........#
.....###..°○○.....#
#.. ##.#°....P# #
#.##°....#
###.#.?..# .# ...##
## ...# ...# ...#


You could see a skyshark (berserk, very poisoned).

Vanquished Creatures
  Rupert (Lair:4)
  An orc warlord (Bailey)
  A hydra (Lair:4)
  A boulder beetle (Lair:4)
  2 two-headed ogres
  8 death yaks
  Amaemon (D:8)
  An orb spider (Lair:2)
  A necromancer (D:9)
  Pikel (D:5)
  An oklob plant (Gauntlet)
  2 cyclopes (D:11)
  2 black mambas (Lair:3)
  Joseph (D:10)
  An orange demon (D:8)
  5 cane toads
  A torpor snail (Lair:2)
  4 komodo dragons
  An unseen horror (D:10)
  A rime drake (Lair:3)
  A troll (D:11)
  A hornet (D:9)
  A polar bear (Lair:2)
  10 blink frogs
  2 wyverns
  4 wraiths
  45 yaks
  Eustachio (D:5)
  A fire bat (D:8)
  3 basilisks (Lair:3)
  Edmund (D:5)
  A steam dragon (D:7)
  2 swamp worms (Gauntlet)
  2 acid dragons
  8 water moccasins
  6 orc warriors
  A swamp drake (D:9)
  2 ice beasts
  A black bear (Lair:2)
  2 ogres
  5 centaurs
  6 wolves (Lair:4)
  4 lemures (D:5)
  A kobold brigand (D:8)
  9 bullfrogs
  4 necrophages (D:7)
  2 gnoll sergeants
  2 wyvern zombies (D:7)
  5 scorpions
  3 wights (D:9)
  7 howler monkeys
  An electric eel (D:8)
  A bullfrog zombie (D:7)
  2 centaur zombies (D:7)
  A human zombie (D:7)
  2 hounds (D:5)
  5 orc priests (D:9)
  A jelly (D:5)
  2 iguanas (D:5)
  7 orc wizards
  A sleepcap (D:5)
  A polar bear simulacrum (D:9)
  A killer bee zombie (D:7)
  2 wolf simulacra (D:9)
  2 mummies (D:7)
  12 gnolls
  7 adders
  2 shadow imps
  3 ufetubi
  A worm (D:3)
  A dart slug (D:1)
  42 orcs
  7 ball pythons
  3 bats
  2 giant cockroaches
  7 goblins
  8 hobgoblins
  3 jackals (D:1)
  24 kobolds
  3 quokkas
  A frilled lizard (D:1)
  A hobgoblin zombie (D:7)
  2 kobold zombies (D:7)
  An orc zombie (D:7)
  2 rats (D:1)
  A river rat simulacrum (D:9)
  A butterfly (Lair:4)
343 creatures vanquished.

Notes
Turn   | Place    | Note
-------+----------+-------------------------------------------
     0 | D:1      | TheDoctor the Spriggan Venom Mage began the quest for the
                  | Orb.
     0 | D:1      | Reached XP level 1. HP: 9/9 MP: 5/5
   164 | D:1      | Found Namiguyg's Distillery.
   361 | D:1      | Reached XP level 2. HP: 13/13 MP: 5/7
  1360 | D:2      | Found a basalt altar of Yredelemnul.
  1366 | D:2      | Reached XP level 3. HP: 9/16 MP: 3/9
  1379 | D:2      | Learned a level 2 spell: Poisonous Vapours
  1383 | D:2      | Learned a level 3 spell: Mephitic Cloud
  1386 | D:2      | Learned a level 2 spell: Blink
  1603 | D:3      | Found a white marble altar of Elyvilon.
  1607 | D:3      | Found a shimmering blue altar of Sif Muna.
  1608 | D:3      | Found a blossoming altar of Fedhas.
  1628 | D:3      | Became a worshipper of Sif Muna the Loreminder
  1944 | D:3      | You fall into a shaft and drop 1 floor!
  1998 | D:4      | Noticed Grinder
  2464 | D:4      | Found a staircase to the Ecumenical Temple.
  2655 | D:4      | Reached XP level 4. HP: 18/21 MP: 6/11
  2695 | D:4      | Paralysed by Grinder for 5 turns
  2765 | D:5      | Entered Level 5 of the Dungeon
  2765 | D:5      | Noticed Edmund
  2794 | Temple   | Entered the Ecumenical Temple
  3618 | D:5      | Noticed a scorpion
  3630 | D:5      | Killed a scorpion
  3631 | D:5      | Reached skill level 5 in Spellcasting
  3631 | D:5      | Reached XP level 5. HP: 24/24 MP: 8/13
  3709 | D:5      | Reached skill level 5 in Poison Magic
  3714 | D:5      | Learned a level 4 spell: Olgreb's Toxic Radiance
  3921 | D:5      | Reached XP level 6. HP: 28/28 MP: 9/15
  3936 | D:5      | Reached * piety under Sif Muna
  4541 | D:5      | Killed Edmund
  4542 | D:5      | Reached skill level 5 in Dodging
  4542 | D:5      | Reached XP level 7. HP: 21/32 MP: 5/16
  5016 | D:5      | Noticed Pikel
  5051 | D:5      | Killed Pikel
  5052 | D:5      | Reached XP level 8. HP: 36/36 MP: 2/17
  5751 | D:6      | Noticed Eustachio
  6075 | D:5      | Killed Eustachio
  6935 | D:7      | Found a basalt altar of Yredelemnul.
  8078 | D:7      | Reached XP level 9. HP: 39/39 MP: 14/18
  8184 | D:7      | Reached skill level 10 in Dodging
  8302 | D:7      | Reached skill level 1 in Fighting
  9318 | D:7      | Reached ** piety under Sif Muna
  9974 | D:8      | Found an ancient bone altar of Kikubaaqudgha.
 10160 | D:8      | Reached skill level 10 in Poison Magic
 10456 | D:8      | Noticed an orange demon
 10458 | D:8      | Noticed Amaemon
 10631 | D:8      | Reached skill level 1 in Invocations
 10717 | D:8      | Found a bloodstained altar of Trog.
 10718 | D:8      | Found a shadowy altar of Dithmenos.
 10985 | D:8      | Killed Amaemon
 11004 | D:8      | Killed an orange demon
 11005 | D:8      | Reached XP level 10. HP: 51/51 MP: 2/19
 11318 | D:9      | Reached skill level 5 in Fighting
 11600 | D:9      | Found a staircase to the Lair.
 11671 | D:9      | Found a flagged portal.
 11681 | Bailey   | Entered a bailey
 11686 | Bailey   | Noticed an orc warlord
 11696 | Bailey   | Reached *** piety under Sif Muna
 11817 | Bailey   | Reached skill level 1 in Conjurations
 11817 | Bailey   | Reached skill level 5 in Invocations
 11922 | Bailey   | Found a runed translucent gate.
 11925 | Bailey   | Found a runed translucent gate.
 11927 | Bailey   | Found a runed translucent gate.
 12168 | Bailey   | Killed an orc warlord
 12606 | D:9      | Noticed a two-headed ogre
 12619 | D:9      | Killed a two-headed ogre
 12720 | D:9      | Noticed a necromancer
 12784 | D:9      | Killed a necromancer
 13188 | D:9      | Reached XP level 11. HP: 56/56 MP: 11/20
 13354 | D:9      | Found a staircase to the Orcish Mines.
 13359 | D:9      | Reached **** piety under Sif Muna
 13443 | D:9      | Found a runed translucent gate.
 13443 | D:9      | Found a runed translucent gate.
 13443 | D:9      | Found a runed translucent gate.
 13450 | D:9      | Noticed ZoeForever1's ghost (novice MiFi)
 13875 | D:9      | Acquired an amulet of reflection
 13918 | D:10     | Entered Level 10 of the Dungeon
 13990 | D:10     | Noticed a two-headed ogre
 14044 | D:10     | Killed a two-headed ogre
 14045 | D:10     | Reached skill level 5 in Ranged Weapons
 14266 | D:10     | Found Penelyne's Distillery.
 14860 | D:10     | Noticed Joseph
 14885 | D:10     | Killed Joseph
 15229 | D:11     | Found a gate leading to a gauntlet.
 15239 | Gauntlet | Entered a Gauntlet
 15239 | Gauntlet | Found a transporter.
 15239 | Gauntlet | Found a transporter.
 15239 | Gauntlet | Found a runed translucent door.
 15239 | Gauntlet | Found a runed translucent door.
 15252 | Gauntlet | Noticed a tengu warrior
 15334 | Gauntlet | Found a transporter.
 15335 | Gauntlet | Found a transporter.
 15342 | Gauntlet | Found a runed translucent door.
 15345 | Gauntlet | Found a transporter.
 15347 | Gauntlet | Found a transporter.
 15352 | Gauntlet | Noticed a hell hog
 15355 | Gauntlet | Found a transporter.
 15370 | Gauntlet | Noticed a brown ugly thing
 15371 | Gauntlet | Found a transporter.
 15372 | Gauntlet | Noticed a glowing orange brain
 15389 | Gauntlet | Found a transporter.
 15389 | Gauntlet | Found a transporter.
 15391 | Gauntlet | Found a runed translucent door.
 15392 | Gauntlet | Noticed an oklob plant
 15393 | Gauntlet | Found a runed translucent door.
 15397 | Gauntlet | Found a transporter.
 15401 | Gauntlet | Found a transporter.
 15874 | Gauntlet | Killed an oklob plant
 15970 | Gauntlet | Noticed a minotaur
 16068 | Gauntlet | Got Hang's Teachings on Ghoulish Transposition
 16070 | Gauntlet | Identified the +0 buckler "Xoesm" {rCorr Dex+3}
 16070 | Gauntlet | Identified the +3 short sword of Meddi {spect, rElec rC+++
                  | Str-4 Dex+3}
 16074 | Gauntlet | Got the Meditations on Displacement
 16165 | D:11     | Reached skill level 5 in Conjurations
 16538 | D:11     | Found a bloodstained altar of Trog.
 16646 | Lair:1   | Entered Level 1 of the Lair of Beasts
 17057 | Lair:1   | Reached XP level 12. HP: 60/60 MP: 21/21
 17590 | Lair:2   | Reached ***** piety under Sif Muna
 17796 | Lair:2   | Received a gift from Sif Muna
 17880 | Lair:2   | Got Lehudib's Vellum of Grey Trauma {god gift}
 17949 | Lair:2   | Learned a level 4 spell: Petrify
 17955 | Lair:2   | Learned a level 5 spell: Lee's Rapid Deconstruction
 18068 | Lair:2   | Reached skill level 1 in Earth Magic
 18221 | Lair:2   | Reached skill level 10 in Invocations
 18957 | Lair:2   | Found a hole to the Spider Nest.
 19444 | Lair:3   | Found a staircase to the Swamp.
 19465 | Lair:3   | Noticed a death yak
 19475 | Lair:3   | Noticed a death yak
 19490 | Lair:3   | Noticed a death yak
 19496 | Lair:3   | Killed a death yak
 19500 | Lair:3   | Noticed a death yak
 19544 | Lair:3   | Killed a death yak
 19560 | Lair:3   | Killed a death yak
 19582 | Lair:3   | Killed a death yak
 20028 | Lair:3   | Reached XP level 13. HP: 63/63 MP: 17/22
 20517 | Lair:4   | Reached skill level 5 in Earth Magic
 20689 | Lair:4   | Noticed Rupert
 21302 | Lair:5   | Entered Level 5 of the Lair of Beasts
 21393 | Lair:4   | Killed Rupert
 21497 | Lair:4   | Reached skill level 5 in Transmutations
 21705 | Lair:5   | Slain by a skyshark

Illustrated notes

Levels and vault maps discovered:
D:1:      shiori_arrival_oz, layout_rooms, serial_shops, shop_statue,
          st_stairs_6, grunt_decor_arrowhead, minmay_shallow_snake_nest
D:2:      layout_basic, basic_altar
D:3:      layout_loops_cross, chequers_temple_overflow_statue_of_worship,
          hellmonk_ecumenical_altar_crossroads
D:4:      layout_gridville, minmay_temple_entry_enclosed_plants,
          minmay_misc_feat_diagonals, uniq_grinder
D:5:      minmay_skewed_foursquare, layout_rooms, uniq_edmund, uniq_pikel
D:6:      layout_cave_pools, nicolae_overflow_hidden_temple, nicolae_titane,
          uniq_eustachio
D:7:      layout_basic, lemuel_mausoleum_altar_yredelemnul, minmay_mini_ossuary
D:8:      layout_basic, marbit_many_paths, gammafunk_temple_overflow_wave,
          hangedman_incinerator, uniq_amaemon
D:9:      layout_basic, david_lair_shrubbed, erik_orc_1, enter_bailey_2,
          gammafunk_ghost_spectres, eino_house_with_fridge
D:10:     layout_loops_cross, serial_shops, shop, kennysheep_small_circle,
          uniq_joseph
D:11:     layout_basic, gauntlet_entry_generic, trog_hazing_becter
Temple:   eino_temple_water
Lair:1:   layout_small_grid
Lair:2:   layout_loops_ring, nicolae_spider_entry_orb_guardian,
          grunt_megastairs_2
Lair:3:   layout_regular_city, swamp_mist
Lair:4:   layout_gridlike, nzn_sisyphean_effort, lemuel_fruit_fields,
          serial_bayou_shore_b, uniq_rupert
Lair:5:   hangedman_lair_caniforms_friends, layout_cave_pods, wormcave,
          minmay_slime_entry_oklob_open, serial_bayou_shore_a,
          grunt_megastairs_4

Skill      XL: |  1  2  3  4  5  6  7  8  9 10 11 12 13 |
---------------+----------------------------------------+-----
Spellcasting   | 3 4 5 |  5.5
Poison Magic   | 4 5 6 7 8 10 | 10.0
Dodging        | 3 5 7 9 10 | 10.0
Fighting       | 4 5 |  5.2
Invocations    | 4 6 9 10 | 10.8
Conjurations   | 3 5 7 8 |  8.0
Ranged Weapons | 4 7 8 |  8.1
Earth Magic    | 4 5 |  5.6
Transmutations | 5 |  5.2
Stealth        | |  3.0

Action                     |  1- 3 |  4- 6 |  7- 9 | 10-12 | 13-15 || total
---------------------------+-------+-------+-------+-------+-------++-------
  Melee: Unarmed           |     4 |       |       |       |       ||     4
         Short sword       |     6 |     8 |    47 |       |       ||    61
         Punch             |       |       |     1 |       |       ||     1
   Fire: Arbalest          |       |       |    19 |   326 |    57 ||   402
   Cast: Sting             |    77 |   108 |   409 |    83 |       ||   677
         Poisonous Vapours |     2 |     6 |    45 |    53 |    11 ||   117
         Blink             |       |       |     2 |     3 |     2 ||     7
         Olgreb's Toxic Ra |       |       |     3 |    45 |    10 ||    58
         Mephitic Cloud    |       |       |     9 |    17 |     1 ||    27
 Invoke: Channel Magic     |       |       |       |     1 |       ||     1
  Evoke: Wand              |       |       |     1 |       |       ||     1
    Use: Scroll            |       |       |       |    13 |       ||    13
         Potion            |       |       |       |       |     1 ||     1
   Stab: Held in net/web   |       |       |     2 |       |       ||     2
 Armour: Robe              |       |       |     5 |     1 |     1 ||     7
  Dodge: Dodged            |    33 |    27 |   155 |   101 |    40 ||   356
  Block: Other             |       |       |       |    12 |    10 ||    22
         Reflection        |       |       |       |     5 |       ||     5
